 Dungeon Crawl Stone Soup version 0.24-a0-504-gcfb02b9d07 (webtiles) character file.

Game seed: 12020363987433775304

49 myga the Magician (level 3, 0/19 HPs)
             Began as a Tengu Wizard on July 16, 2019.
             Slain by a jackal (2 damage)
             ... on level 2 of the Dungeon.
             The game lasted 00:07:42 (1662 turns).

myga the Magician (Tengu Wizard)                    Turns: 1662, Time: 00:07:43

Health: 0/19       AC:  2    Str:  7    XL:     3   Next: 75%
Magic:  2/9        EV: 13    Int: 18    God:
Gold:   148        SH:  0    Dex: 13    Spells: 2/9 levels left

rFire    . . .     SeeInvis .   c - +0 dagger
rCold    . . .     Gourm    .   (no shield)
rNeg     . . .     Faith    .   a - +0 robe
rPois    .         Spirit   .   b - +0 hat
rElec    .         Reflect  .   (no cloak)
rCorr    .         Harm     .   (no gloves)
MR       .....                  (boots unavailable)
Stlth    ++........             (no amulet)
HPRegen  0.06/turn              (no ring)
MPRegen  0.11/turn              (no ring)

@: no status effects
A: beak, talons 3
a: no special abilities


You were on level 2 of the Dungeon.
You were hungry.

You visited 1 branch of the dungeon, and saw 2 of its levels.

You collected 148 gold pieces.

Inventory:

Hand Weapons
 c - a +0 dagger (weapon)
 l - a +0 short sword
Missiles
 f - 27 stones (quivered)
Armour
 a - a +0 robe (worn)
 b - a +0 hat (worn)
Jewellery
 n - an uncursed ring of magical power
Scrolls
 g - a scroll of fog
 i - a scroll of amnesia
 j - a scroll of enchant weapon
 k - 2 scrolls of teleportation {unknown}
 o - a scroll of identify
 p - a scroll of remove curse {unknown}
Potions
 e - a potion of mutation
 h - a potion of magic
Comestibles
 d - 3 rations


   Skills:
 + Level 0.1 Fighting
 + Level 2.4 Dodging
 + Level 2.4 Stealth
 + Level 0.5 Unarmed Combat
 + Level 3.7 Spellcasting
 + Level 2.0 Conjurations
 + Level 1.3 Summonings
 + Level 0.7 Translocations


You had 2 spell levels left.
You knew the following spells:

 Your Spells              Type           Power        Failure   Level  Hunger
a - Magic Dart            Conj           ##..         6%          1    None
b - Call Imp              Summ           #.......     13%         2    ##.....
c - Blink                 Tloc           N/A          17%         2    ##.....
d - Slow                  Hex            #.......     22%         2    ##.....

Your spell library contained the following spells:

 Spells                   Type           Power        Failure   Level  Hunger
 Conjure Flame            Conj/Fire      #.......     30%         3    ###....
 Mephitic Cloud           Conj/Pois/Air  #.......     34%         3    ###....


Dungeon Overview and Level Annotations

Branches:
Dungeon (2/15)

Altars:


Innate Abilities, Weirdness & Mutations

You have a beak for a mouth.
You have claws for feet.


Message History

Casting: Magic Dart (safe; 6% risk of failure)
Confirm with . or Enter, or press ? or * to list all spells.
You blink.
Fire/throw which item? (* to show all) (? for menu, Esc to quit)
Okay, then.
The jackal bites you but does no damage.
The jackal closely misses you. The jackal bites you.
* * * LOW HITPOINT WARNING * * *
Casting: Blink (safe; 17% risk of failure)
Confirm with . or Enter, or press ? or * to list all spells.
Okay, then.
Okay, then.
Okay, then.
The jackal barely misses you.
All of the chunks of flesh in your inventory have rotted away.
There is a stone staircase leading up here.
There are monsters nearby!
The jackal bites you.
You die...

....##.###'#####.......#.#
....##.#....# #.#######.#
....##.#.รท..# #.# #.#
##..##.#....# #.# #.#
#..##.#....# #.# #.#
#..##.###'#####.#######.#
#...............h.h.....#
##..##..........h#########
.#.....###.#####@#
.#'######..#
#.############# ....# #..#
#.............# ....# #..#
#.############# #...# #..#
#.# ##+## #..# #.#
##.######..# #.#
.#......#..# #.#
.#......#..# #.#


You could see 2 jackals.

Vanquished Creatures
  2 oozes (D:1)
  A dart slug (D:1)
  2 leopard geckos
  A ball python (D:1)
  2 giant cockroaches (D:1)
  A goblin (D:1)
  3 hobgoblins
  A jackal (D:2)
  4 kobolds (D:2)
  5 bats
  2 frilled lizards
  5 rats
29 creatures vanquished.

Vanquished Creatures (collateral kills)
  8 jackals (D:2)
8 creatures vanquished.

Grand Total: 37 creatures vanquished

Notes
Turn   | Place    | Note
-------+----------+-------------------------------------------
     0 | D:1      | myga the Tengu Wizard began the quest for the Orb.
     0 | D:1      | Reached XP level 1. HP: 10/10 MP: 5/5
    94 | D:1      | Reached XP level 2. HP: 14/15 MP: 2/7
   139 | D:1      | Learned a level 2 spell: Call Imp
   142 | D:1      | Learned a level 2 spell: Blink
   145 | D:1      | Learned a level 2 spell: Slow
   533 | D:1      | Reached XP level 3. HP: 12/19 MP: 7/9
  1662 | D:2      | Slain by a jackal

Levels and vault maps discovered:
D:1:      minmay_arrival_hallway, layout_basic
D:2:      layout_basic

Skill      XL: |  1  2 |
---------------+-------+-----
Conjurations   | 2 |  2.0
Fighting       | |  0.1
Dodging        | |  2.4
Stealth        | |  2.4
Unarmed Combat | |  0.5
Spellcasting   | |  3.7
Summonings     | |  1.3
Translocations | |  0.7

Action                   || total
-------------------------++-------
Melee: Unarmed           ||    23
       Kick              ||    10
       Peck              ||     6
       Short sword       ||     7
       Dagger            ||    36
 Cast: Magic Dart        ||    47
       Call Imp          ||    10
       Blink             ||     1
  Use: Scroll            ||     5
 Stab: Sleeping          ||     3
  Eat: Chunk             ||     2
Armor: Robe              ||    19
Dodge: Dodged            ||    58

Table legend:
 A = Non-vault XP
 B = Vault XP
 C = Vault XP percentage of total XP
 D = Non-vault monster count
 E = Vault monster count
 F = Vault count percentage of total count
                 A         B        C        D         E       F
            +---------+---------+-------+---------+---------+-------
      Total |      70 |       0 |   0.0 |      37 |       0 |   0.0
            +---------+---------+-------+---------+---------+-------
        D:1 |      39 |       0 |   0.0 |      15 |       0 |   0.0
        D:2 |      31 |       0 |   0.0 |      22 |       0 |   0.0
            +---------+---------+-------+---------+---------+-------
